 Dungeon Sprint DCSS version 0.31-a0-1165-g196b491b36 (webtiles) character file.

Game seed: 13986320374928450445

2566 dialectric the Ninja (level 9, -3/48 HPs)
             Began as a Spriggan Brigand on Dec 10, 2023.
             Was a Believer of Dithmenos.
             Slain by a red devil
             ... wielding a +0 trident
             ... summoned by a kobold demonologist
              (13 damage)
             ... in the Dungeon (Sprint I: "Red Sonja").
             The game lasted 00:02:00 (272 turns).

dialectric the Ninja (Spriggan Brigand)              Turns: 272, Time: 00:02:00

Health: -3/48      AC:  2    Str:  7    XL:     9   Next: 31%
Magic:  10/10      EV: 19    Int: 13    God:    Dithmenos [**....]
Gold:   541        SH:  0    Dex: 18    Spells: 8/8 levels left

rFire   . . .        n - +2 dagger (distort)
rCold   . . .        (no shield)
rNeg    . . .        b - +0 robe
rPois   .            (helmet restricted)
rElec   .            c - +0 cloak
rCorr   .            (gloves unavailable)
SInv    +            (boots unavailable)
Will    +....        (no amulet) Stlth **++++++++
                     (no ring)
HPRegen 0.00/turn    (no ring)
MPRegen 0.12/turn

%: no teleportation
@: fragile, inhibited regen, wreathed by umbra, very quick
A: very small, no large weapons, unfitting armour, see invisible, speed 3,
clumsy 1, deformed body, inhibited regeneration, subdued magic 1
a: Renounce Religion, Shadow Step


You were in the Dungeon.
You worshipped Dithmenos.
Dithmenos was pleased with you.
You visited 1 branch You collected 541 gold pieces.

Inventory:

Hand Weapons
 a - a +2 dagger
 m - a +0 dagger of venom
 n - a +2 dagger of distortion (weapon)
Missiles
 d - 9 poisoned darts (quivered)
 l - 4 curare-tipped darts
Armour
 b - a +0 robe (worn)
 c - a +0 cloak (worn)
Wands
 e - a wand of polymorph (14)
Scrolls
 k - a scroll of blinking
Potions
 f - a potion of curing
 g - a potion of heal wounds
 h - a potion of haste
 i - 2 potions of magic
 j - a potion of berserk rage


   Skills:
 + Level 5.6 Fighting
 + Level 8.4 Short Blades
 - Level 3.6 Throwing
 + Level 4.9 Dodging
 O Level 27 Stealth


You had 8 spell levels left.
You didn't know any spells.
Your spell library was empty.

Dungeon Overview and Level Annotations

Branches:
Dungeon (1/1)

Altars:
Cheibriados
Dithmenos
Elyvilon
Fedhas
Gozag
Hepliaklqana
Kikubaaqudgha
Makhleb
Nemelex Xobeh
Okawaru
Qazlal
Ru
Sif Muna
Trog
Uskayaw
Vehumet
Wu Jian
Xom
Yredelemnul
Zin
The Shining One
Jiyva
Lugonu

Shops:
D [(


Innate Abilities, Weirdness & Mutations

You are very small and have problems with some larger weapons.
You are too small for most types of armour.
You have supernaturally acute eyesight. (SInv)
You cover ground extremely quickly. (Speed+++)
You are clumsy. (Dex -2)
Armour fits poorly on your strangely shaped body.
You do not regenerate when monsters are visible.
Your spells are a little easier to cast, but a little less powerful.


Message History

Unknown command.
The smoke demon gestures at you. Something smites you!
You see here a yak corpse.
Unknown command.
You hit the white imp.
Space warps horribly around the white imp!
You kill the white imp!
The white imp disappears in a puff of smoke!
The kobold demonologist gestures wildly while chanting.
You closely miss the kobold demonologist.
The kobold demonologist is lightly wounded.
The kobold demonologist hits you with a +0 dagger.
The kobold demonologist gestures wildly while chanting.
You are too injured to fight recklessly!
Unknown command.
You are too injured to fight recklessly!
Unknown command.
You hit the kobold demonologist but do no damage.
The kobold demonologist is lightly wounded.
The kobold demonologist blinks!
The white imp shouts, "Scamper away, thou feeble tardy-gaited slabber!"
You are too injured to fight recklessly!
You hit the crimson imp but do no damage.
The crimson imp blinks!
The kobold demonologist mumbles some strange words.
Unknown command.
You are too injured to fight recklessly!
You hit the smoke demon.
The smoke demon is lightly wounded.
The smoke demon gestures at you. Something smites you!
* * * LOW HITPOINT WARNING * * *
Unknown command.
You are too injured to fight recklessly!
You hit the smoke demon but do no damage.
Space warps horribly around the smoke demon!
The smoke demon is moderately wounded.
The red devil hits you from afar with a +0 trident!
You die...

##########################
#<.#..'..#.)'..#__#.K'K..#
#..[..#.)'..#..K..G..#...#
#..#####'#####'#__####...+
#..####..#...#.####§ #####
#..#__####..##(#~~~§
#..#_____##4#53'~~§
#⌠⌠#45∩..@35.4_# ~~
####_..__##K.#'# §###
#_K___###'#.# §?$
############.####+###
#∩........'...'$$.$$+
###++++####.†.#######
#......G####.## #........#
#+# #..#G....#


You could see a soul eater (summoned), an orange demon (summoned), a hellwing
(summoned), 2 kobold demonologists, a smoke demon (summoned), a red devil
(summoned), 2 crimson imps and a white imp (summoned).

Vanquished Creatures
  Sonja (D)
  A deep troll (D)
  A shining eye (D)
  3 glass eyes (D)
  A slime creature (D)
  Sigmund (D)
  A yak (D)
  An ogre (D)
  A jelly (D)
  Ijyb (D)
12 creatures vanquished.

Notes
Turn   | Place    | Note
-------+----------+-------------------------------------------
     0 | D        | dialectric the Spriggan Brigand began the quest for the
                  | Orb.
     0 | D        | Reached XP level 1. HP: 10/10 MP: 2/2
     2 | D        | Noticed Ijyb
    10 | D        | Killed Ijyb
    11 | D        | Reached skill level 9 in Stealth
    11 | D        | Reached XP level 2. HP: 15/15 MP: 3/3
    50 | D        | Noticed an ogre
    52 | D        | Killed an ogre
    53 | D        | Reached skill level 13 in Stealth
    53 | D        | Reached XP level 3. HP: 19/19 MP: 4/4
    53 | D        | Reached XP level 4. HP: 23/23 MP: 5/5
    55 | D        | Noticed Sigmund
    57 | D        | Killed Sigmund
    58 | D        | Reached skill level 17 in Stealth
    58 | D        | Reached XP level 5. HP: 28/28 MP: 6/6
    58 | D        | Reached XP level 6. HP: 32/32 MP: 7/7
    79 | D        | Found a shimmering blue altar of Sif Muna.
    80 | D        | Found an ornate altar of the Wu Jian Council.
    81 | D        | Found a radiant altar of Vehumet.
   114 | D        | Found Ewnorgh's Weapon Emporium.
   114 | D        | Found an ancient bone altar of Kikubaaqudgha.
   114 | D        | Found a hazy altar of Hepliaklqana.
   114 | D        | Found a hide-covered altar of Uskayaw.
   114 | D        | Found a basalt altar of Yredelemnul.
   114 | D        | Found an opulent altar of Gozag.
   114 | D        | Found a snail-covered altar of Cheibriados.
   114 | D        | Found a sacrificial altar of Ru.
   114 | D        | Found a shadowy altar of Dithmenos.
   114 | D        | Noticed a yak
   115 | D        | Found a stormy altar of Qazlal.
   115 | D        | Found a blossoming altar of Fedhas.
   115 | D        | Found a bloodstained altar of Trog.
   115 | D        | Found an iron altar of Okawaru.
   115 | D        | Found a glowing golden altar of the Shining One.
   115 | D        | Found a glowing silver altar of Zin.
   115 | D        | Found a white marble altar of Elyvilon.
   116 | D        | Killed a yak
   117 | D        | Reached skill level 5 in Short Blades
   117 | D        | Reached skill level 19 in Stealth
   117 | D        | Found a sparkling altar of Nemelex Xobeh.
   123 | D        | Became a worshipper of Dithmenos the Shadowed
   138 | D        | Found a burning altar of Makhleb.
   138 | D        | Found a shimmering altar of Xom.
   138 | D        | Noticed a slime creature
   139 | D        | Found a viscous altar of Jiyva.
   139 | D        | Found a corrupted altar of Lugonu.
   141 | D        | Killed a slime creature
   142 | D        | Reached skill level 20 in Stealth
   142 | D        | Reached XP level 7. HP: 37/37 MP: 8/8
   154 | D        | Noticed a kobold demonologist
   155 | D        | Noticed a glass eye
   155 | D        | Noticed a kobold demonologist
   174 | D        | Noticed Sonja
   179 | D        | Killed Sonja
   180 | D        | Reached skill level 23 in Stealth
   180 | D        | Reached XP level 8. HP: 42/42 MP: 9/9
   198 | D        | Found Fusoppoegh's Antique Armour Boutique.
   207 | D        | Noticed a glass eye
   207 | D        | Noticed a shining eye
   207 | D        | Noticed a glass eye
   207 | D        | Noticed a shining eye
   207 | D        | Noticed a shining eye
   208 | D        | Noticed a shining eye
   208 | D        | Noticed a shining eye
   208 | D        | Noticed a shining eye
   208 | D        | Noticed a glass eye
   209 | D        | Killed a glass eye
   209 | D        | Reached * piety under Dithmenos
   210 | D        | Noticed a glass eye
   210 | D        | Noticed a shining eye
   210 | D        | Noticed a shining eye
   211 | D        | Killed a shining eye
   212 | D        | Reached skill level 5 in Fighting
   212 | D        | Reached skill level 25 in Stealth
   215 | D        | Killed a glass eye
   215 | D        | Gained mutation: Armour fits poorly on your strangely
                  | shaped body. [a shining eye]
   218 | D        | Gained mutation: Your spells are a little easier to cast,
                  | but a little less powerful. [a shining eye]
   220 | D        | Gained mutation: You do not regenerate when monsters are
                  | visible. [a shining eye]
   222 | D        | Gained mutation: You are clumsy. (Dex -2) [a shining eye]
   231 | D        | Noticed a deep troll
   235 | D        | Killed a deep troll
   235 | D        | Reached ** piety under Dithmenos
   236 | D        | Reached skill level 26 in Stealth
   236 | D        | Reached XP level 9. HP: 47/47 MP: 10/10
   256 | D        | Reached skill level 27 in Stealth
   266 | D        | Noticed an orange demon
   266 | D        | Noticed a smoke demon
   267 | D        | Noticed a soul eater
   269 | D        | Noticed a red devil
   271 | D        | Noticed a hellwing
   272 | D        | Slain by a red devil

Illustrated notes

Levels and vault maps discovered:
D:        dungeon_sprint_1 [red_sonja_temple_1, red_sonja_temple_small_1]

Skill      XL: |  1  2  3  4  5  6  7  8  9 |
---------------+----------------------------+-----
Fighting       | 2 3 4 5 |  5.6
Stealth        | 9 13 17 20 23 26 27 | 27.0
Short Blades   | 3 4 5 6 8 |  8.4
Throwing       | 3 |  3.6
Dodging        | 2 3 4 |  4.9

Action                     |  1- 3 |  4- 6 |  7- 9 || total
---------------------------+-------+-------+-------++-------
  Melee: Dagger            |     1 |     4 |    29 ||    34
  Throw: Dart              |     3 |       |       ||     3
   Stab: Sleeping          |     1 |     4 |     5 ||    10
 Armour: Robe              |       |       |     4 ||     4
  Dodge: Dodged            |       |       |     2 ||     2

Table legend: (Time is in decaauts)
 A = Elapsed time spent in this place.
 B = Non-inter-level travel time spent in this place.
 C = Inter-level travel time spent in this place.
 D = Time resting spent in this place.
 E = Time spent auto-exploring this place.
 F = Levels seen in this place.
 G = Mean time per level.
                   A        B        C        D        E       F      G
               +--------+--------+--------+--------+--------+-----+--------+
         Total |    192 |    192 |      0 |     18 |      0 |   1 |  192.0 |
       Dungeon |    192 |    192 |      0 |     18 |      0 |   1 |  192.0 |
               +--------+--------+--------+--------+--------+-----+--------+

Top non-repeatable levels by time:
       D: 192 daAuts
